 Dungeon Crawl Stone Soup version 0.29-a0-506-ga2e7fffb44 (webtiles) character file.

Game seed: 2584034326549009101

43 kevlar127 the Ruffian (level 3, -1/55 HPs)
             Began as a Troll Berserker on May 29, 2022.
             Was a Believer of Trog.
             Slain by Crazy Yiuf
             ... wielding a +3 quarterstaff of chaos
              (9 damage)
             ... on level 2 of the Dungeon.
             The game lasted 00:01:59 (972 turns).

kevlar127 the Ruffian (Troll Berserker)              Turns: 972, Time: 00:02:00

Health: -1/55      AC:  4    Str: 27    XL:     3   Next: 37%
Magic:  2/2        EV: 10    Int:  3    God:    Trog [**....]
Gold:   157        SH:  0    Dex:  9    Spells: 2/2 levels left

rFire   . . .      SeeInvis .     - Unarmed
rCold   . . .      Faith    .   (no shield)
rNeg    . . .      Spirit   .   a - +0 animal skin
rPois   .          Reflect  .   (helmet restricted)
rElec   .          Harm     .   (no cloak)
rCorr   .          Rampage  .   (gloves unavailable)
Will    .....                   (boots unavailable)
Stlth   ..........              (no amulet)
HPRegen 0.98/turn               (no ring)
MPRegen 0.08/turn               (no ring)

@: berserking, hasted, very quick
A: large, unfitting armour, claws 3, regeneration 1, shaggy fur 1, tough skin 1
a: Renounce Religion, Berserk, Trog's Hand


You were on level 2 of the Dungeon.
You worshipped Trog.
Trog was pleased with you.
You visited 1 branch of the dungeon, and saw 2 of its levels.

You collected 157 gold pieces.

Inventory:

Missiles
 j - 44 stones (quivered)
Armour
 a - a +0 animal skin (worn)
Scrolls
 d - 3 scrolls of identify {unknown}
 g - a scroll of silence {unknown}
 i - a scroll of summoning {unknown}
 m - a scroll of fear {unknown}
 n - 2 scrolls of immolation {unknown}
 o - a scroll of teleportation {unknown}
Potions
 b - 4 potions of curing {unknown}
 c - a potion of attraction {unknown}
 e - a potion of flight {unknown}
 f - a potion of resistance {unknown}
 h - a potion of invisibility {unknown}
 k - a potion of mutation {unknown}
 l - a potion of magic {unknown}


   Skills:
 + Level 3.0 Fighting
 - Level 2.5 Dodging
 + Level 3.7 Unarmed Combat


You had 2 spell levels left.
You didn't know any spells.
Your spell library was empty.

Dungeon Overview and Level Annotations

Branches:
Dungeon (2/15)

Altars:

Annotations:
D:2 Crazy Yiuf


Innate Abilities, Weirdness & Mutations

You are too large for most types of armour.
You have claws for hands.
Your natural rate of healing is unusually fast.
You are covered in fur. (AC +1)
You have tough skin. (AC +1)


Message History

d - 3 scrolls labelled FAPABBE IBICH (gained 1)
You now have 157 gold pieces (gained 9).
Found a stone staircase leading up.
Found a chain mail.
o - a scroll labelled BUNGOV LIMYTZUDAIF You see here a +0 chain mail.
You see here a quokka skeleton.
Crazy Yiuf shouts!
Could not explore, unopened runed door.
No reachable target in view!
No reachable target in view!
No reachable target in view!
No reachable target in view!
Could not explore, unopened runed door.
Could not explore, unopened runed door.
Could not explore, unopened runed door.
Could not explore, unopened runed door.
No reachable target in view!
No reachable target in view!
You open the door. You scratch Crazy Yiuf.
Crazy Yiuf is lightly wounded.
Crazy Yiuf closely misses you.
You scratch Crazy Yiuf but do no damage.
Crazy Yiuf is lightly wounded.
Crazy Yiuf hits you with a +3 quarterstaff of chaos!
You scratch Crazy Yiuf.
Crazy Yiuf is moderately wounded.
Crazy Yiuf cries, "Walk noodlescoop water!"
Crazy Yiuf hits you with a +3 quarterstaff of chaos!
Crazy Yiuf draws strength from your wounds!
You scratch Crazy Yiuf but do no damage.
Crazy Yiuf hits you with a +3 quarterstaff of chaos!
* * * LOW HITPOINT WARNING * * *
You feel yourself speed up.
You barely miss Crazy Yiuf.
A red film seems to cover your vision as you go berserk!
You feel yourself moving faster!
You feel mighty!
Crazy Yiuf hits you with a +3 quarterstaff of chaos!
You die...

##..####.# #....#
#.# ♣P.PP♣ #.#
♣♣...♣ #.# ♣♣.♣♣ #.#
♣♣.♣ #.# ♣.♣♣ #.#
♣♣.♣ #.# ♣@♣♣ #.#
#g# #.# ...
#.####### #...#
#.......# #)..#
#####...#### #####
#####...#...
#...#.......
########...#.......
##..................


You could see Crazy Yiuf.

Vanquished Creatures
  An adder (D:2)
  2 dart slugs (D:2)
  3 endoplasms (D:2)
  3 giant cockroaches (D:2)
  2 kobolds
  2 quokkas
  3 ball pythons
  6 bats
  2 frilled lizards
  4 goblins
  2 rats (D:2)
30 creatures vanquished.

Notes
Turn   | Place    | Note
-------+----------+-------------------------------------------
     0 | D:1      | kevlar127 the Troll Berserker began the quest for the Orb.
     0 | D:1      | Reached XP level 1. HP: 22/22 MP: 0/0
   156 | D:1      | Found a faded altar of an unknown god.
   460 | D:2      | Reached XP level 2. HP: 29/29 MP: 1/1
   540 | D:2      | Found a runed translucent door.
   541 | D:2      | Noticed Crazy Yiuf
   632 | D:2      | Reached XP level 3. HP: 31/36 MP: 2/2
   679 | D:2      | Reached ** piety under Trog
   972 | D:2      | Slain by Crazy Yiuf

Illustrated notes

Levels and vault maps discovered:
D:1:      mainiacjoe_arrival_reflecting_pool, layout_rooms,
          hellmonk_ecumenical_altar_heavens_door
D:2:      layout_rooms, minmay_surrounded, uniq_crazy_yiuf_cottage

Skill      XL: |  1  2  3 |
---------------+----------+-----
Fighting       | 3 |  3.0
Dodging        | |  2.5
Unarmed Combat | |  3.7

Action                   || total
-------------------------++-------
Melee: Unarmed           ||    73
       Punch             ||     1
Invok: Berserk           ||     1
Armor: Animal skin       ||    17
Dodge: Dodged            ||    33

Table legend: (Time is in decaauts)
 A = Elapsed time spent in this place.
 B = Non-inter-level travel time spent in this place.
 C = Inter-level travel time spent in this place.
 D = Time resting spent in this place.
 E = Time spent auto-exploring this place.
 F = Levels seen in this place.
 G = Mean time per level.
                   A        B        C        D        E       F      G
               +--------+--------+--------+--------+--------+-----+--------+
         Total |    966 |    887 |     79 |      0 |    716 |   2 |  483.0 |
       Dungeon |    966 |    887 |     79 |      0 |    716 |   2 |  483.0 |
               +--------+--------+--------+--------+--------+-----+--------+

Top non-repeatable levels by time:
     D:2: 511 daAuts
     D:1: 455 daAuts
